 Dungeon Crawl Stone Soup version 0.30-a0-911-g314a488 (webtiles) character file.

Game seed: 4755442012486197783

378 Illumine the Cudgeller (level 6, -2/56 HPs)
             Began as a Minotaur Fighter on Mar 18, 2023.
             Slain by a water moccasin (6 damage)
             ... in a sewer.
             The game lasted 00:04:12 (2689 turns).

Illumine the Cudgeller (Minotaur Fighter)           Turns: 2689, Time: 00:04:13

Health: -2/56      AC:  9    Str: 22    XL:     6   Next: 45%
Magic:  5/5        EV:  9    Int:  9    God:
Gold:   145        SH:  4    Dex:  8    Spells: 5/5 levels left

rFire   . . .      SeeInvis .    d - +3 spear (vamp)
rCold   . . .      Faith    .    c - +0 buckler
rNeg    . . .      Spirit   .    b - +0 scale mail
rPois   .          Reflect  .    (helmet unavailable)
rElec   .          Rampage  .    (no cloak)
rCorr   .                        r - +0 pair of gloves
Will    .....                    i - +0 pair of boots Stlth
                                 (no amulet)
HPRegen 0.29/turn                (no ring)
MPRegen 0.09/turn                (no ring)

@: lethally poisoned (-2 -> -18), flying, hasted, very quick
A: horns 3, retaliatory headbutt, clever 1
a: no special abilities


You were in a sewer.
You visited 2 branches of the dungeon, and saw 5 of its levels.
You also visited: Sewer.

You collected 145 gold pieces.

Inventory:

Hand Weapons
 a - a +0 flail
 d - a +3 vampiric spear (weapon)
Missiles
 k - 6 boomerangs (quivered)
Armour
 b - a +0 scale mail (worn)
 c - a +0 buckler (worn)
 i - a +0 pair of boots (worn)
 r - a +0 pair of gloves (worn)
Scrolls
 g - a scroll of identify
 h - a scroll of enchant weapon {unknown}
 l - a scroll of noise {unknown}
 m - a scroll of blinking {unknown}
 n - a scroll of immolation {unknown}
Potions
 o - a potion of heal wounds {unknown}
 p - a potion of flight
 q - a potion of lignification {unknown}


   Skills:
 + Level 5.3 Fighting
 - Level 5.7 Maces & Flails
 * Level 1.7 Polearms
 + Level 5.2 Armour
 - Level 4.0 Shields


You had 5 spell levels left.
You didn't know any spells.
Your spell library contained the following spells:

 Spells                   Type           Power      Damage    Failure   Level
 Sandblast                Erth           0%         2d4       78%         1
 Summon Small Mammal      Summ           0%         N/A       78%         1
 Passwall                 Tmut/Erth      0%         N/A       89%         2
 Call Canine Familiar     Summ           0%         N/A       98%         3
 Hailstorm                Conj/Ice       0%         3d3       98%         3
 Stone Arrow              Conj/Erth      0%         3d7       98%         3
 Summon Guardian Golem    Hex/Summ       0%         N/A       98%         3
 Ice Form                 Ice/Tmut       0%         N/A       100%        4
 Simulacrum               Ice/Necr       0%         N/A       100%        6


Dungeon Overview and Level Annotations

Branches:
Dungeon (4/15)             Temple (1/1) D:4           Sewer (1/1)

Altars:
Ashenzari
Cheibriados
Dithmenos
Elyvilon
Fedhas
Hepliaklqana
Kikubaaqudgha
Makhleb
Ru
Sif Muna
Uskayaw
Xom
Yredelemnul
Zin

Annotations:
D:3 Robin


Innate Abilities, Weirdness & Mutations

You have a pair of large horns on your head.
You reflexively headbutt those who attack you in melee.
Your mind is acute. (Int +4, Str/Dex -1)


Message History

You barely miss the water moccasin.
The water moccasin is heavily wounded.
You feel sick.
You are no longer poisoned.
The water moccasin bites you.
You hit the water moccasin.
You headbutt the water moccasin, but do no damage.
The water moccasin is heavily wounded.
The water moccasin bites you but does no damage.
The water moccasin bites you.
You hit the water moccasin.
You feel better.
The water moccasin is severely wounded.
The water moccasin bites you.
You are poisoned.
The water moccasin poisons you!
You hit the water moccasin.
Your headbutt misses the water moccasin.
The water moccasin is severely wounded.
You feel very sick. The water moccasin bites you.
You are lethally poisoned!
The water moccasin poisons you! The water moccasin closely misses you.
It was a potion of flight.
You feel very buoyant.
You fly up into the air.
* * * LOW HITPOINT WARNING * * *
You feel extremely sick. The water moccasin barely misses you.
You furiously retaliate!
You headbutt the water moccasin.
It was a potion of haste.
You feel yourself speed up.
* * * LOW HITPOINT WARNING * * *
You feel very sick. You block the water moccasin's attack.
The water moccasin completely misses you.
It was a potion of mutation.
You feel extremely strange.
You feel clever. The horns on your head grow some more.
* * * LOW HITPOINT WARNING * * *
You feel very sick. The water moccasin bites you.
You die...

######## ###......###
###.~.~..~...###
###.~~..####.~...##.)#
##....~### ###~@S..#
~..~.~## ##~...~.#
##.....# .~.~.###
###..~.~# ...~##.(
###.~.~~ ...### $#
##.~....## # ######


You could see a water moccasin.

Vanquished Creatures
  An ice beast (D:3)
  2 scorpions (D:4)
  4 adders
  4 gnolls
  2 worms (D:2)
  A dart slug (D:1)
  An orc (D:3)
  9 endoplasms
  5 giant cockroaches
  5 goblins
  7 hobgoblins
  12 jackals
  A quokka (D:1)
  7 ball pythons
  A bat (D:2)
  3 frilled lizards (D:1)
  11 kobolds
  11 rats
87 creatures vanquished.

Vanquished Creatures (others)
  4 plants (D:1)
4 creatures vanquished.

Grand Total: 91 creatures vanquished

Notes
Turn   | Place    | Note
-------+----------+-------------------------------------------
     0 | D:1      | Illumine the Minotaur Fighter began the quest for the Orb.
     0 | D:1      | Reached XP level 1. HP: 19/19 MP: 0/0
   154 | D:1      | Reached XP level 2. HP: 24/27 MP: 1/1
   406 | D:1      | Reached XP level 3. HP: 33/33 MP: 2/2
  1278 | D:2      | Reached XP level 4. HP: 40/40 MP: 3/3
  1906 | D:3      | Noticed an ice beast
  1914 | D:3      | Killed an ice beast
  1915 | D:3      | Reached skill level 5 in Maces & Flails
  1915 | D:3      | Reached XP level 5. HP: 41/47 MP: 4/4
  2034 | D:3      | Noticed Robin
  2106 | D:4      | Reached skill level 5 in Fighting
  2113 | D:4      | Reached skill level 5 in Armour
  2113 | D:4      | Reached XP level 6. HP: 49/56 MP: 5/5
  2331 | D:4      | Found a staircase to the Ecumenical Temple.
  2331 | D:4      | Found a glowing drain.
  2355 | Temple   | Entered the Ecumenical Temple
  2468 | D:4      | Reached skill level 1 in Polearms
  2606 | Sewer    | Entered a sewer
  2673 | Sewer    | Noticed a water moccasin
  2689 | Sewer    | Gained mutation: Your mind is acute. (Int +4, Str/Dex -1)
                  | [potion of mutation]
  2689 | Sewer    | Gained mutation: You have a pair of large horns on your
                  | head. [potion of mutation]
  2689 | Sewer    | Slain by a water moccasin

Illustrated notes

Levels and vault maps discovered:
D:1:      dpeg_arrival_rooms_c, layout_basic, lexackson_kobold_supper
D:2:      layout_loops_corners
D:3:      layout_basic, uniq_robin
D:4:      minmay_goblin_kobold_castle, layout_basic,
          nicolae_gozag_zags_fifth_avenue, minmay_temple_entry_junction,
          gup_sewer_entry_glass
Temple:   eino_temple_water
Sewer:    sewer_the_moccasin

Skill      XL: |  1  2  3  4  5  6 |
---------------+-------------------+-----
Maces & Flails | 3 4 5 |  5.7
Shields        | 4 |  4.0
Fighting       | 4 5 |  5.3
Armour         | 4 5 |  5.2
Polearms       | 1 |  1.7

Action                     |  1- 3 |  4- 6 || total
---------------------------+-------+-------++-------
  Melee: Flail             |    83 |    61 ||   144
         Headbutt          |    12 |    11 ||    23
         Spear             |       |    44 ||    44
    Use: Potion            |       |     5 ||     5
         Scroll            |       |     1 ||     1
 Armour: Scale mail        |    33 |    48 ||    81
  Dodge: Dodged            |    27 |    58 ||    85
  Block: Buckler           |    16 |    34 ||    50

Table legend: (Time is in decaauts)
 A = Elapsed time spent in this place.
 B = Non-inter-level travel time spent in this place.
 C = Inter-level travel time spent in this place.
 D = Time resting spent in this place.
 E = Time spent auto-exploring this place.
 F = Levels seen in this place.
 G = Mean time per level.
                   A        B        C        D        E       F      G
               +--------+--------+--------+--------+--------+-----+--------+
         Total |   2733 |   2634 |     99 |    166 |   1817 |   6 |  455.5 |
       Dungeon |   2566 |   2483 |     83 |    166 |   1719 |   4 |  641.5 |
        Temple |     79 |     63 |     16 |      0 |     36 |   1 |   79.0 |
         Sewer |     88 |     88 |      0 |      0 |     62 |   1 |   88.0 |
               +--------+--------+--------+--------+--------+-----+--------+

Top non-repeatable levels by time:
     D:2: 922 daAuts
     D:1: 904 daAuts
     D:4: 489 daAuts
     D:3: 248 daAuts
   Sewer: 88 daAuts
  Temple: 79 daAuts
